 Dungeon Crawl Stone Soup version 0.31-a0-940-gdaa99269f9 (webtiles) character file.

Game seed: 17931740408743665012

3273 Dirtsage the Grappler (level 9, -1/71 HPs)
             Began as a Demonspawn Fighter on Oct 21, 2023.
             Was a Follower of Makhleb.
             Slain by Gastronok (15 damage)
             ... on level 8 of the Dungeon.
             The game lasted 00:12:26 (6309 turns).

Dirtsage the Grappler (Demonspawn Fighter)          Turns: 6309, Time: 00:12:26

Health: -1/71      AC: 21    Str: 23    XL:     9   Next: 68%
Magic:  13/13      EV:  9    Int: 10    God:    Makhleb [*.....]
Gold:   0          SH:  4    Dex: 13    Spells: 8/8 levels left

rFire   . .          .
                       - Unarmed
rCold   . . .        c - +0 buckler
rNeg    . . .        D - +6 scale mail "Esyklun" {Str+3}
rPois   +            (no helmet)
rElec   .            (no cloak)
rCorr   .            (no gloves)
SInv    .            (no boots)
Will    +....        x - amulet of regeneration Stlth
                     w - ring of willpower
HPRegen 1.11/turn    P - ring of poison resistance
MPRegen 0.13/turn

%: no passive effects
@: mighty, sanguine armoured
A: claws 1, demonic guardian 1, sanguine armour 2
a: Renounce Religion


You were on level 8 of the Dungeon.
You worshipped Makhleb.
Makhleb was aware of your devotion.
You visited 2 branches of the dungeon, and saw 9 of its levels.
You also visited: Sewer.

You collected 270 gold pieces.
You spent 270 gold pieces at shops.

Inventory:

Armour
 a - a +0 cloak
 b - a +0 scale mail
 c - a +0 buckler (worn)
 p - a +0 troll leather armour {Pargi}
 D - the +6 scale mail "Esyklun" (worn) {Str+3}
   (You bought it in a shop on level 7 of the Dungeon)

   Str+3:     It affects your strength (+3).
Jewellery
 w - a ring of willpower (left claw)
 x - an amulet of regeneration (around neck)
 P - a ring of poison resistance (right claw)
Wands
 r - a wand of flame (8)
 y - a wand of roots (20)
Scrolls
 e - a scroll of teleportation {unknown}
 g - 2 scrolls of fear
 i - 3 scrolls of identify
 j - 2 scrolls of enchant weapon {unknown}
 k - 2 scrolls of noise {unknown}
 l - 2 scrolls of enchant armour
 n - a scroll of torment {unknown}
 o - a scroll of fog {unknown}
 s - a scroll of immolation {unknown}
 t - a scroll of brand weapon
 u - a scroll of revelation {unknown}
 z - a scroll of blinking {unknown}
 C - a scroll of poison {unknown}
Potions
 d - 2 potions of might
 f - 2 potions of enlightenment
 h - a potion of attraction
 m - a potion of lignification
 q - 4 potions of curing
 A - 3 potions of heal wounds {unknown}
 B - a potion of haste {unknown}


   Skills:
 + Level 6.9 Fighting
 - Level 4.3 Axes
 - Level 2.6 Armour
 - Level 2.6 Shields
 * Level 9.3 Unarmed Combat
 + Level 6.4 Invocations


You had 8 spell levels left.
You didn't know any spells.
Your spell library contained the following spells:

 Spells                   Type           Power      Damage    Failure   Level
 Summon Small Mammal      Summ           0%         N/A       75%         1
 Call Canine Familiar     Summ           0%         N/A       98%         3
 Inner Flame              Hex/Fire       0%         N/A       98%         3
 Summon Guardian Golem    Hex/Summ       0%         N/A       98%         3
 Animate Dead             Necr           0%         N/A       100%        4
 Flame Wave               Conj/Fire      0%         2d4       100%        4
 Sticky Flame             Conj/Fire      0%         2d3       100%        4
 Agony                    Necr           0%         N/A       100%        5
 Infestation              Necr           0%         N/A       100%        8


Dungeon Overview and Level Annotations

Branches:
Dungeon (8/15)             Temple (1/1) D:5           Sewer (visited)
   Lair: D:8-11

Altars:
Ashenzari
Cheibriados
Dithmenos
Fedhas
Gozag
Hepliaklqana
Kikubaaqudgha
Makhleb
Nemelex Xobeh
Okawaru
Qazlal
Ru
Sif Muna
Uskayaw
Vehumet
Wu Jian
Xom
Yredelemnul

Shops:
D:6 (   D:7 *

Annotations:
D:6 2 transporters, WhatIsLove's ghost, novice DjFE
D:8 Gastronok; Maurice


Innate Abilities, Weirdness & Mutations

You have sharp fingernails.
A weak demonic guardian rushes to your aid.
When seriously injured, your blood forms thick armour. (AC +9)


Message History

Something groans, "What are you, a monk?"
Something freezes you.
You take 1 damage, and have 39/71 hp.
You shred the net and break free!
Gastronok glows a brilliant shade of cerise.
Something hits you.
Something mutters, "Now where did you hide it?"
Something freezes you.
You take 2 damage, and have 37/71 hp.
You claw Gastronok!
Gastronok is lightly wounded.
Something hits you but does no damage.
You claw Gastronok!
Gastronok is lightly wounded.
Gastronok bites you but does no damage. Something hits you but does no damage.
You claw Gastronok!
Gastronok is moderately wounded.
Something hits you but does no damage.
You mangle Gastronok!!
Gastronok is heavily wounded.
Gastronok bites you!!
* * * LOW HITPOINT WARNING * * *
You take 19 damage, and have 21/71 hp.
MASSIVE DAMAGE!!
You scratch Gastronok.
Gastronok is heavily wounded.
Something hits you!
* * * LOW HITPOINT WARNING * * *
Something groans, "What are you, a monk?"
Something freezes you.
* * * LOW HITPOINT WARNING * * *
A demonic guardian appears!
You take 8 damage, and have 13/71 hp.
You claw Gastronok!
Gastronok is heavily wounded.
You block something's attack.
Your quasit bites something but does no damage.
Your quasit claws something but does no damage.
Your quasit closely misses something.
Gastronok bites you!
You die...
Gastronok gurgles, "Time to dig in!"

... ....# .. ......... ##.#
..#.# ..... #... ...
...##.#.# ##..... #...#...
#.##..#.#.##......... #..#oo
...:..))#............ #.w5..
#)#...#..##...# ###.#..
##.#.)##.......###..o#..
#...[)#...........<.....
.......#..()@w...##.###......
..:........[.....# #......
##........#...5.###.###......
#...#...........#..##.......
#...?........#<............#
###..###.....##.........##..
#.. #................##.. #.
#)....##...........#.
.......###............


You could see Gastronok (ally target) and a friendly quasit (summoned).

Vanquished Creatures
  Maggie (D:8)
  2 wyverns (D:7)
  A steam dragon (D:5)
  A water moccasin (D:7)
  A sky beast (D:8)
  Pargi (Sewer)
  An ice beast (D:8)
  2 black bears (D:6)
  3 centaurs
  An ogre (D:7)
  Blork the orc (D:4)
  3 bullfrogs
  3 scorpions
  2 howler monkeys (D:5)
  A jelly (D:6)
  2 hounds
  4 gnoll boudas
  4 orc priests
  4 iguanas
  7 orc wizards
  17 gnolls
  6 adders
  2 shadow imps (D:6)
  2 ufetubi (D:7)
  4 worms
  3 dart slugs (D:1)
  30 orcs
  9 ball pythons
  8 endoplasms
  2 giant cockroaches
  6 hobgoblins
  7 jackals
  5 quokkas
  4 bats
  5 frilled lizards
  5 goblins
  7 kobolds
  5 rats
172 creatures vanquished.

Vanquished Creatures (collateral kills)
  Grinder (D:6)
  A gnoll (D:5)
2 creatures vanquished.

Grand Total: 174 creatures vanquished

Notes
Turn   | Place    | Note
-------+----------+-------------------------------------------
     0 | D:1      | Dirtsage the Demonspawn Fighter began the quest for the
                  | Orb.
     0 | D:1      | Reached XP level 1. HP: 18/18 MP: 1/1
   124 | D:1      | Gained mutation: When seriously injured, your blood forms
                  | armour. (AC +9) [demonic ancestry]
   124 | D:1      | Reached XP level 2. HP: 24/24 MP: 2/2
   472 | D:1      | Reached XP level 3. HP: 27/29 MP: 3/3
   876 | D:2      | Noticed a scorpion
   887 | D:2      | Killed a scorpion
   888 | D:2      | Gained mutation: You have sharp fingernails. [demonic
                  | ancestry]
   888 | D:2      | Reached XP level 4. HP: 27/35 MP: 4/4
  1545 | D:3      | Reached skill level 1 in Unarmed Combat
  1634 | D:3      | Reached skill level 2 in Unarmed Combat
  1634 | D:3      | Reached XP level 5. HP: 11/41 MP: 5/5
  2241 | D:3      | Reached skill level 3 in Unarmed Combat
  2506 | D:4      | Noticed Blork the orc
  2519 | D:4      | Killed Blork the orc
  2520 | D:4      | Gained mutation: When seriously injured, your blood forms
                  | thick armour. (AC +9) [demonic ancestry]
  2520 | D:4      | Reached XP level 6. HP: 5/47 MP: 6/6
  2789 | D:4      | Found a glowing drain.
  2831 | Sewer    | Entered a sewer
  2882 | Sewer    | Noticed Pargi
  2886 | Sewer    | Killed Pargi
  2887 | Sewer    | Reached skill level 4 in Unarmed Combat
  3682 | D:5      | Entered Level 5 of the Dungeon
  3691 | D:4      | Reached skill level 5 in Unarmed Combat
  3735 | D:5      | Reached XP level 7. HP: 47/52 MP: 7/7
  4113 | D:5      | Noticed a steam dragon
  4123 | D:5      | Reached skill level 6 in Unarmed Combat
  4139 | D:5      | Killed a steam dragon
  4165 | D:5      | Found a staircase to the Ecumenical Temple.
  4219 | Temple   | Entered the Ecumenical Temple
  4247 | Temple   | Became a worshipper of Makhleb the Destroyer
  4447 | D:5      | Identified the +0 spear "Wariosh" {heavy, rPois Dex+3 SInv}
  4638 | D:5      | Gained mutation: A weak demonic guardian rushes to your
                  | aid. [demonic ancestry]
  4638 | D:5      | Reached XP level 8. HP: 61/61 MP: 8/8
  4657 | D:6      | Identified the of Uriosomo
  4657 | D:6      | Found a transporter.
  4676 | D:6      | Noticed Grinder
  4688 | D:6      | Killed Grinder
  4689 | D:6      | Reached skill level 7 in Unarmed Combat
  4716 | D:6      | Reached skill level 5 in Fighting
  4791 | D:6      | Found a transporter.
  4931 | D:6      | Found Piddoz's Antique Weapon Shoppe.
  4969 | D:6      | Reached * piety under Makhleb
  4989 | D:6      | Noticed WhatIsLove's ghost (novice DjFE)
  4989 | D:6      | Noticed a two-headed ogre
  4989 | D:6      | Noticed a two-headed ogre
  5425 | D:6      | Reached skill level 8 in Unarmed Combat
  5493 | D:7      | Found Oxkiqiug's Assorted Antiques.
  5501 | D:7      | Bought a faintly glowing scale mail for 270 gold pieces
  5501 | D:7      | Identified the +6 scale mail "Esyklun" {Str+3} (You bought
                  | it in a shop on level 7 of the Dungeon)
  5599 | D:7      | Reached XP level 9. HP: 69/69 MP: 12/12
  5847 | D:7      | Reached skill level 5 in Invocations
  6180 | D:8      | Noticed Gastronok
  6254 | D:8      | Noticed Maggie
  6254 | D:8      | Noticed Maurice
  6258 | D:8      | Something stole 2 throwing nets
  6259 | D:8      | Something stole 167 gold
  6269 | D:8      | Killed Maggie
  6270 | D:8      | Reached skill level 9 in Unarmed Combat
  6309 | D:8      | Slain by Gastronok

Illustrated notes

Levels and vault maps discovered:
D:1:      evilmike_arrival_fibonacci_small, layout_basic, hex_intersection
D:2:      layout_loops_ring
D:3:      layout_rooms
D:4:      layout_basic, cheibrodos_sewer_entry_bend, uniq_blork_the_orc
D:5:      layout_basic, minmay_temple_entry_glass, kennysheep_generic_room_11
D:6:      layout_cave_pools, gammafunk_ghost_arena, serial_shops, shop,
          nrook_loot_triangle, minivault_25, nrook_pool_corridor, uniq_grinder
D:7:      layout_gridville, serial_shops, nicolae_shop_trees
D:8:      layout_cave_pools, dpeg_oklobed_lair, minmay_manual_mares,
          uniq_maurice, uniq_maggie, uniq_grum, uniq_gastronok
Temple:   mainiacjoe_temple_trianglar_array

Skill      XL: |  1  2  3  4  5  6  7  8  9 |
---------------+----------------------------+-----
Axes           | 2 3 4 |  4.3
Unarmed Combat | 2 3 5 6 8 9 |  9.3
Fighting       | 4 5 6 |  6.9
Invocations    | 4 6 |  6.4
Armour         | |  2.6
Shields        | |  2.6

Action                     |  1- 3 |  4- 6 |  7- 9 || total
---------------------------+-------+-------+-------++-------
  Melee: War axe           |    99 |     1 |       ||   100
         Unarmed           |       |   295 |   356 ||   651
    Use: Potion            |       |     3 |     1 ||     4
         Scroll            |       |       |     6 ||     6
   Stab: Sleeping          |       |     1 |       ||     1
         Distracted        |       |       |     1 ||     1
 Armour: Scale mail        |    65 |   145 |   130 ||   340
         Troll leather arm |       |    22 |   205 ||   227
  Dodge: Dodged            |    53 |    96 |   190 ||   339
  Block: Buckler           |    24 |    51 |    80 ||   155

Table legend: (Time is in decaauts)
 A = Elapsed time spent in this place.
 B = Non-inter-level travel time spent in this place.
 C = Inter-level travel time spent in this place.
 D = Time resting spent in this place.
 E = Time spent auto-exploring this place.
 F = Levels seen in this place.
 G = Mean time per level.
                   A        B        C        D        E       F      G
               +--------+--------+--------+--------+--------+-----+--------+
         Total |   6318 |   6023 |    295 |     13 |   4502 |  10 |  631.8 |
       Dungeon |   6112 |   5870 |    242 |     13 |   4399 |   8 |  764.0 |
        Temple |     55 |      2 |     53 |      0 |      0 |   1 |   55.0 |
         Sewer |    150 |    150 |      0 |      0 |    103 |   1 |  150.0 |
               +--------+--------+--------+--------+--------+-----+--------+

Top non-repeatable levels by time:
     D:4: 1082 daAuts
     D:3: 999 daAuts
     D:5: 933 daAuts
     D:1: 812 daAuts
     D:7: 739 daAuts
     D:2: 725 daAuts
     D:6: 696 daAuts
   Sewer: 150 daAuts
     D:8: 123 daAuts
  Temple: 55 daAuts
